 Dungeon Crawl Stone Soup version 0.20.1-1-g8b1a95d (webtiles) character file.

72089 Mesmaeker13 the Earth Mage (level 15, -2/72 HPs)
             Began as a Gargoyle Earth Elementalist on July 25, 2017.
             Was a High Priest of Vehumet.
             Slain by an orc warlord
             ... wielding a +5 glaive of venom
              (42 damage)
             ... on level 1 of the Orcish Mines.
             The game lasted 01:26:42 (26211 turns).

Mesmaeker13 the Earth Mage (GrEE)                  Turns: 26211, Time: 01:26:43

Health: -2/72      AC: 28    Str: 19    XL:     15   Next: 38%
Magic:  32/37      EV: 14    Int: 20    God:    Vehumet [*****.]
Gold:   1864       SH:  5    Dex: 13    Spells: 12/32 levels left

rFire    . . .     SeeInvis +   I - +4 demon blade
rCold    + . .     Gourm    .   t - +0 buckler
rNeg     + + .     Faith    .   P - +0 ring mail "Onot" {rC+ SInv}
rPois    ∞         Spirit   .   i - +0 helmet
rElec    +         Reflect  .   F - +2 cloak {+Inv}
rCorr    .         Harm     .   L - +2 pair of gloves {Dex+3}
MR       ++++.     Clarity  +   T - +0 pair of boots
Stlth    +.........             q - amulet of the Four Winds {rN+ MR+++ Clar}
Regen    0.3/turn               x - +2 ring of evasion
MPRegen  0.3/turn               c - ring of magical power

@: mighty, studying Stealth
A: big wings, negative energy resistance 1, electricity resistance, unbreathing,
petrification resistance, rot immunity, AC +11
a: Fly, Renounce Religion, Evoke Invisibility


You were on level 1 of the Orcish Mines.
You worshipped Vehumet.
Vehumet was extremely pleased with you.
You were hungry.

You visited 3 branches of the dungeon, and saw 20 of its levels.
You also visited: Sewer and Bailey.

You collected 1864 gold pieces.

Inventory:

Hand Weapons
 I - a +4 demon blade (weapon)
Missiles
 y - 34 stones (quivered)
Armour
 i - a +0 helmet (worn)
 t - a +0 buckler (worn)
 F - a +2 cloak of invisibility (worn)
 L - a +2 pair of gloves of dexterity (worn)
 P - the +0 ring mail "Onot" (worn) {rC+ SInv}
   (You found it on level 3 of the Lair of Beasts)

   It protects you from cold.
   It lets you see invisible.
 T - a +0 pair of boots (worn)
Jewellery
 c - a ring of magical power (right hand)
 q - the amulet of the Four Winds (around neck) {rN+ MR+++ Clar}
   (You found it on level 7 of the Dungeon)

   [amulet of nothing]

   It protects you from negative energy.
   It affects your resistance to hostile enchantments.
   It protects you against confusion.
 x - a +2 ring of evasion (left hand)
Wands
 b - a wand of digging (6/24)
 B - a wand of enslavement (11/24)
Scrolls
 a - 4 scrolls of teleportation
 f - a scroll of fog {unknown}
 h - 3 scrolls of magic mapping
 k - 4 scrolls of random uselessness {unknown}
 n - a scroll of fear
 u - a scroll of torment {unknown}
 v - 5 scrolls of enchant armour {unknown}
 D - a scroll of blinking {unknown}
 K - a scroll of summoning {unknown}
 X - a scroll of remove curse
Potions
 g - 9 potions of curing
 j - 4 potions of brilliance {unknown}
 l - a potion of lignification {unknown}
 p - 3 potions of heal wounds
 s - 5 potions of flight
 w - 5 potions of might
 z - a potion of cancellation
 G - 2 potions of invisibility {unknown}
 J - a potion of degeneration {unknown}
 O - a potion of ambrosia {unknown}
 Q - a potion of haste {unknown}
 S - a potion of mutation
 W - 2 potions of agility
Books
 o - a manual of Stealth
Comestibles
 d - a bread ration
 m - 4 chunks of flesh
 Z - 4 royal jellies


   Skills:
 - Level 0.9 Fighting
 + Level 7.3 Long Blades
 - Level 10.0 Armour
 - Level 3.1 Dodging
 - Level 2.1 Stealth
 - Level 5.1 Shields
 + Level 9.2 Spellcasting
 - Level 12.0 Conjurations
 - Level 8.0 Translocations
 - Level 4.0 Transmutations
 + Level 7.4 Fire Magic
 + Level 15.8 Earth Magic


You had 12 spell levels left.
You knew the following spells:

 Your Spells              Type           Power        Failure   Level  Hunger
a - Sandblast             Erth           ######       0%          1    None
b - Stone Arrow           Conj/Erth      ######       1%          3    None
c - Passwall              Tmut/Erth      #####.....   1%          2    None
d - Lee's Rapid Deconstr  Erth           ######....   1%          5    #####..
e - Force Lance           Conj/Tloc      #####...     1%          4    ###....
g - Bolt of Magma         Conj/Fire/Erth ######....   1%          5    #####..


Dungeon Overview and Level Annotations

Branches:
Dungeon (12/15)            Temple (0/1) D:7            Lair (6/6) D:8
 Shoals (0/4) Lair:2       Spider (0/4) Lair:2        Slime (0/5) Lair:6
    Orc (2/2) D:11
    Elf: Orc:2

Altars:
Ashenzari
Cheibriados
Dithmenos
Elyvilon
Fedhas
Kikubaaqudgha
Makhleb
Nemelex Xobeh
Okawaru
Trog
Vehumet
Xom
Yredelemnul
Zin
The Shining One
Jiyva

Shops:
D:6 !

Annotations:
Lair:1 exclusion: 2 oklob plants


Innate Abilities, Weirdness & Mutations

You are resistant to torment.
Your stone body is resilient. (AC +11)
You are immune to poison.
Your large and strong wings let you fly indefinitely.
You resist negative energy. (rN+)
You are resistant to electric shocks. (rElec)
You can survive without breathing.
You are immune to petrification.
You are immune to rotting.


Message History

The orc misses you.
The orc warlord hits you from afar with a glaive of venom!
You slash the orc warrior!
The orc warrior is moderately wounded.
The orc warrior barely misses you.
You riposte.
You closely miss the orc warrior.
The orc warrior is moderately wounded.
Okay, then.
Casting: Stone Arrow
Confirm with . or Enter, or press ? or * to list all spells.
Aiming: Bolt of Magma
Press: ? - help, Shift-Dir - straight line, f - orc warlord
Aim: an orc warlord, wielding a glaive of venom and wearing a shiny plate armour (unusually strong)
The bolt of magma misses the orc warrior.
The bolt of magma hits the orc warlord.
The orc warlord is moderately wounded.
You are feeling hungry.
The orc warlord hits you from afar with a glaive of venom!!!
Ouch! That really hurt!
You die...

...#..#..[<..>[......#.##.##
#.....#...[............####
#..#..........o...##....#
...........(.[....##[#.##
#.##...#.).....o......##
#.###.......#....o...##
...#.......##...#o..##
#.........####.##o...#
#....##..## ###@...##
##.###....# ##.###
####....## ### ##.### ###


You could see an orc warlord, an orc warrior and an orc.

Vanquished Creatures
  Kirke (Lair:6)
  Erolcha (Orc:1)
  6 hydras
  Harold (Lair:4)
  2 ice dragons
  6 death yaks
  A catoblepas (Lair:6)
  4 two-headed ogres
  Urug (Lair:5)
  An unseen horror (D:11)
  2 lindwurms
  An orc knight (Bailey)
  A necromancer (Lair:5)
  2 wolf spiders (Lair:6)
  An orc sorcerer (Orc:2)
  5 elephants
  Maurice (D:9)
  4 centaur zombies
  4 cyclopes (D:12)
  5 black mambas
  A guardian serpent (Lair:6)
  A gargoyle (D:10)
  26 spiny frogs
  3 rime drakes
  6 torpor snails
  6 komodo dragons
  A polar bear (Lair:5)
  12 hornets
  A troll (D:11)
  4 tyrant leeches (Lair:6)
  5 dream sheep (Lair:6)
  8 blink frogs
  9 hippogriffs
  3 slime creatures
  2 redbacks (Lair:6)
  A vampire (D:7)
  Sigmund (D:6)
  A tarantella (Lair:2)
  A shadow (D:12)
  2 wraiths
  4 basilisks
  A hungry ghost (D:12)
  Eustachio (D:6)
  11 wyverns
  3 hogs
  47 yaks
  3 vampire mosquitoes (D:12)
  A warg (Orc:1)
  Menkaure (D:5)
  25 water moccasins
  10 porcupines
  12 orc warriors
  Duvessa (D:6)
  5 ice beasts
  8 black bears
  2 eyes of draining
  A hornet zombie (D:11)
  7 necrophages (D:11)
  4 phantoms
  3 sky beasts
  3 ogres
  3 centaurs
  3 wolves (Lair:6)
  A big kobold (Sewer)
  14 crocodiles
  16 bullfrogs
  A wyvern zombie (D:11)
  Dowan (D:6)
  A scorpion (D:6)
  12 wights
  18 killer bees
  A howler monkey (D:4)
  A quasit (D:7)
  7 electric eels
  2 bullfrog zombies
  6 crimson imps
  3 jellies
  A bullfrog skeleton (D:10)
  7 orc wizards
  7 orc priests
  8 hounds
  Crazy Yiuf (D:5)
  2 centaur skeletons
  2 iguanas
  10 worker ants
  3 polar bear simulacra (Lair:5)
  3 yak simulacra (Lair:5)
  4 wolf simulacra (Lair:5)
  2 hound zombies (D:11)
  A hound skeleton (D:4)
  A mummy (D:11)
  A howler monkey zombie (D:11)
  5 worker ant zombies
  16 adders
  6 gnolls
  8 river rats
  6 shadow imps
  3 white imps (Lair:4)
  2 oozes
  An adder zombie (D:7)
  3 adder skeletons
  2 worms
  A dart slug (D:3)
  10 leopard geckos
  49 orcs
  8 ball pythons
  7 giant cockroaches
  9 goblins
  12 hobgoblins
  7 jackals
  6 quokkas
  2 bats
  8 frilled lizards
  A jackal skeleton (D:5)
  A jackal zombie (D:5)
  34 kobolds
  A leopard gecko skeleton (D:5)
  A quokka skeleton (D:6)
  A quokka zombie (D:7)
  30 rats
  A river rat simulacrum (Lair:5)
  7 fungi (D:8)
  2 plants (D:8)
690 creatures vanquished.

Vanquished Creatures (others)
  21 fungi
  43 plants
64 creatures vanquished.

Grand Total: 754 creatures vanquished

Notes
Turn   | Place    | Note
-------+----------+-------------------------------------------
     0 | D:1      | Mesmaeker13 the Gargoyle Earth Elementalist began the quest for the Orb.
     0 | D:1      | Reached XP level 1. HP: 10/10 MP: 3/3
   195 | D:1      | Reached XP level 2. HP: 8/15 MP: 1/5
  1189 | D:2      | Found a radiant altar of Vehumet.
  1189 | D:2      | Found a bloodstained altar of Trog.
  1238 | D:2      | Became a worshipper of Vehumet
  1283 | D:2      | Reached XP level 3. HP: 19/19 MP: 4/6
  1288 | D:2      | Learned a level 3 spell: Stone Arrow
  1340 | D:2      | Found a blossoming altar of Fedhas.
  1551 | D:2      | Reached skill level 1 in Conjurations
  1591 | D:2      | Found a white marble altar of Elyvilon.
  1742 | D:3      | Reached skill level 4 in Earth Magic
  1744 | D:3      | Reached XP level 4. HP: 24/24 MP: 1/8
  1884 | D:3      | Found a glowing golden altar of the Shining One.
  2014 | D:3      | Reached * piety under Vehumet
  2014 | D:3      | Offered knowledge of Flame Tongue by Vehumet.
  2227 | D:3      | Reached XP level 5. HP: 19/28 MP: 3/9
  2789 | D:4      | Learned a level 2 spell: Passwall
  2808 | D:4      | Found a burning altar of Makhleb.
  2808 | D:4      | Found a glowing silver altar of Zin.
  2809 | D:4      | Noticed an angel
  2809 | D:4      | Noticed an Executioner
  3366 | D:4      | Noticed a phantom
  3373 | D:4      | Reached XP level 6. HP: 20/32 MP: 4/11
  3444 | D:4      | Killed a phantom
  3444 | D:4      | Reached ** piety under Vehumet
  3444 | D:4      | Reached skill level 5 in Earth Magic
  3654 | D:4      | Offered knowledge of Throw Frost by Vehumet.
  3705 | D:4      | Reached skill level 1 in Armour
  3856 | D:4      | Found a shattered altar of Ashenzari.
  3876 | D:4      | Reached XP level 7. HP: 34/36 MP: 7/12
  4279 | D:5      | Entered Level 5 of the Dungeon
  4331 | D:5      | Found a shimmering altar of Xom.
  4393 | D:5      | Found a sparkling altar of Nemelex Xobeh.
  4397 | D:5      | Found a shimmering altar of Xom.
  4398 | D:5      | Found a shimmering altar of Xom.
  4446 | D:5      | Found a glowing drain.
  4511 | Sewer    | Entered a sewer
  4557 | Sewer    | Offered knowledge of Static Discharge by Vehumet.
  4691 | Sewer    | Reached *** piety under Vehumet
  5074 | Sewer    | Reached skill level 6 in Earth Magic
  5214 | Sewer    | Offered knowledge of Inner Flame by Vehumet.
  5425 | D:5      | Learned a level 5 spell: Lee's Rapid Deconstruction
  5432 | D:5      | Noticed Menkaure
  5439 | D:5      | Killed Menkaure
  5439 | D:5      | Reached XP level 8. HP: 41/41 MP: 3/14
  5564 | D:5      | Found a shimmering altar of Xom.
  5564 | D:5      | Found a shimmering altar of Xom.
  5664 | D:5      | Found a shimmering altar of Xom.
  5664 | D:5      | Found a shimmering altar of Xom.
  5681 | D:5      | Found a shimmering altar of Xom.
  5768 | D:5      | Found a runed door.
  5772 | D:5      | Noticed Crazy Yiuf
  5774 | D:5      | Killed Crazy Yiuf
  5861 | D:5      | Found an iron altar of Okawaru.
  6146 | D:6      | Reached skill level 5 in Spellcasting
  6301 | D:6      | Found Quodi's Distillery.
  6324 | D:6      | Reached skill level 7 in Earth Magic
  6331 | D:6      | Reached skill level 5 in Conjurations
  6524 | D:6      | Noticed Duvessa
  6530 | D:6      | Noticed Dowan
  6534 | D:6      | Killed Duvessa
  6536 | D:6      | Killed Dowan
  6536 | D:6      | Reached **** piety under Vehumet
  6791 | D:6      | Noticed Sigmund
  7211 | D:6      | Killed Sigmund
  7211 | D:6      | Reached XP level 9. HP: 45/45 MP: 10/17
  7439 | D:6      | Noticed Eustachio
  7466 | D:6      | Killed Eustachio
  7466 | D:6      | Reached skill level 5 in Armour
  7532 | D:6      | Found a snail-covered altar of Cheibriados.
  7585 | D:7      | Found a staircase to the Ecumenical Temple.
  7686 | D:7      | Found a basalt altar of Yredelemnul.
  7694 | D:7      | Found a transporter.
  7719 | D:7      | Found a transporter.
  7719 | D:7      | Found an ancient bone altar of Kikubaaqudgha.
  7884 | D:7      | Offered knowledge of Force Lance by Vehumet.
  7891 | D:7      | Reached skill level 8 in Earth Magic
  8103 | D:7      | Reached skill level 1 in Transmutations
  8285 | D:7      | Found a bloodstained altar of Trog.
  8640 | D:8      | Found a shadowy altar of Dithmenos.
  8788 | D:8      | Found a staircase to the Lair.
  8795 | D:8      | Reached skill level 9 in Earth Magic
  8801 | D:8      | Learned a level 4 spell: Force Lance
  8893 | D:8      | Reached XP level 10. HP: 39/50 MP: 9/19
  9566 | D:8      | Reached ***** piety under Vehumet
  9566 | D:8      | Offered knowledge of Throw Icicle by Vehumet.
 10633 | D:9      | Noticed Maurice
 10640 | D:9      | Killed Maurice
 10640 | D:9      | Reached skill level 10 in Earth Magic
 10978 | D:10     | Entered Level 10 of the Dungeon
 11034 | D:10     | Noticed a two-headed ogre
 11040 | D:10     | Killed a two-headed ogre
 11040 | D:10     | Reached skill level 1 in Translocations
 11111 | D:10     | Noticed a two-headed ogre
 11120 | D:10     | Killed a two-headed ogre
 11120 | D:10     | Reached XP level 11. HP: 54/54 MP: 9/20
 12090 | D:10     | Got a fabulously ornate robe
 12102 | D:10     | Identified the cursed +0 robe "Yxtosaf" {Int+3} (You found it on level 10 of the Dungeon)
 12275 | Lair:1   | Entered Level 1 of the Lair of Beasts
 12351 | Lair:1   | Noticed a four-headed hydra
 12522 | Lair:1   | Killed a four-headed hydra
 12522 | Lair:1   | Reached skill level 11 in Earth Magic
 12627 | Lair:1   | Noticed an oklob plant
 12627 | Lair:1   | Noticed an oklob plant
 13231 | Lair:1   | Reached skill level 10 in Conjurations
 13719 | D:7      | Reached skill level 5 in Translocations
 13719 | D:7      | Reached XP level 12. HP: 59/59 MP: 21/21
 13900 | Lair:2   | Found a staircase to the Shoals.
 13944 | Lair:2   | Reached skill level 12 in Earth Magic
 14303 | Lair:2   | Noticed a six-headed hydra
 14309 | Lair:2   | Killed a six-headed hydra
 14309 | Lair:2   | Reached skill level 1 in Shields
 14450 | Lair:2   | Reached skill level 10 in Armour
 14545 | Lair:2   | Found a hole to the Spider Nest.
 15260 | Lair:3   | Got a scorched ring mail
 15273 | Lair:3   | Identified the cursed +0 ring mail "Onot" {rC+ SInv} (You found it on level 3 of the Lair of Beasts)
 15923 | Lair:4   | Noticed a death yak
 16069 | Lair:4   | Noticed Harold
 16087 | Lair:4   | Killed Harold
 16360 | Lair:4   | Noticed a death yak
 16376 | Lair:4   | Killed a death yak
 16384 | Lair:4   | Noticed a death yak
 16384 | Lair:4   | Noticed a death yak
 16385 | Lair:4   | Noticed a death yak
 16751 | Lair:4   | Noticed an ice dragon
 16807 | Lair:4   | Reached XP level 13. HP: 59/63 MP: 22/22
 16870 | Lair:4   | Killed an ice dragon
 16870 | Lair:4   | Reached skill level 5 in Shields
 16870 | Lair:4   | Reached skill level 13 in Earth Magic
 17449 | Lair:5   | Reached skill level 1 in Long Blades
 17461 | Lair:5   | Offered knowledge of Fireball by Vehumet.
 17510 | Lair:5   | Noticed Urug
 17536 | Lair:5   | Killed Urug
 18014 | Lair:5   | You fall through a shaft!
 18014 | Lair:6   | Entered Level 6 of the Lair of Beasts
 18800 | Lair:6   | Found a runed door.
 18804 | Lair:6   | Found a viscous altar of Jiyva.
 18810 | Lair:6   | Found a staircase to the Slime Pits.
 18854 | Lair:6   | Learned a level 5 spell: Fireball
 18928 | Lair:6   | Reached skill level 1 in Fire Magic
 18951 | Lair:6   | Noticed Kirke
 19047 | Lair:6   | Reached skill level 14 in Earth Magic
 19324 | Lair:6   | Gained mutation: Your large and strong wings let you fly indefinitely. [Gargoyle growth]
 19324 | Lair:6   | Reached XP level 14. HP: 61/68 MP: 22/24
 19747 | Lair:6   | Offered knowledge of Bolt of Magma by Vehumet.
 19757 | Lair:6   | Learned a level 5 spell: Bolt of Magma
 19846 | Lair:6   | Reached skill level 5 in Long Blades
 19940 | Lair:6   | Found a runed door.
 20615 | Lair:6   | Reached skill level 5 in Fire Magic
 21522 | Lair:6   | Killed Kirke
 21850 | Lair:6   | Reached skill level 15 in Earth Magic
 23291 | D:11     | Found a staircase to the Orcish Mines.
 23320 | D:11     | Reached XP level 15. HP: 72/72 MP: 27/27
 23702 | D:12     | Found a flagged portal.
 23812 | Bailey   | Entered a bailey
 23988 | Bailey   | Offered knowledge of Freezing Cloud by Vehumet.
 24778 | D:12     | Got a crude hand crossbow
 25662 | Orc:1    | Entered Level 1 of the Orcish Mines
 25662 | Orc:1    | Noticed Erolcha
 25668 | Orc:1    | Killed Erolcha
 26004 | Orc:2    | Entered Level 2 of the Orcish Mines
 26004 | Orc:2    | Noticed an orc warlord
 26211 | Orc:1    | Slain by an orc warlord

Skill      XL: |  1  2  3  4  5  6  7  8  9 10 11 12 13 14 15 |
---------------+----------------------------------------------+-----
Dodging        | 2 3 |  3.1
Conjurations   | 1 2 3 4 5 7 8 10 11 12 | 12.0
Earth Magic    | 4 5 6 7 9 10 11 12 14 15 | 15.8
Spellcasting   | 3 4 5 6 7 8 9 |  9.2
Armour         | 1 3 4 6 7 9 10 | 10.0
Transmutations | 2 4 |  4.0
Translocations | 2 5 6 8 |  8.0
Shields        | 4 5 |  5.1
Long Blades    | 4 6 7 |  7.3
Fire Magic     | 2 6 7 |  7.4
Fighting       | |  0.9
Stealth        | |  2.1

Action                   |  1- 3 |  4- 6 |  7- 9 | 10-12 | 13-15 || total
-------------------------+-------+-------+-------+-------+-------++-------
Melee: Unarmed           |    17 |       |       |       |       ||    17
       Dagger            |    23 |    94 |   125 |       |       ||   242
       Whip              |       |       |   159 |   159 |       ||   318
       Demon blade       |       |       |       |       |   594 ||   594
Throw: Stone             |       |       |       |       |     1 ||     1
 Cast: Sandblast         |    42 |    67 |   112 |   164 |   272 ||   657
       Stone Arrow       |     1 |    11 |    85 |   145 |   265 ||   507
       Lee's Rapid Decon |       |       |     3 |    26 |    17 ||    46
       Force Lance       |       |       |     1 |    23 |    35 ||    59
       Bolt of Magma     |       |       |       |       |    37 ||    37
 Abil: Fly               |       |       |       |       |     5 ||     5
       Stop Flying       |       |       |       |       |     5 ||     5
Evoke: Wand              |       |       |       |       |     2 ||     2
  Use: Scroll            |     8 |     1 |     1 |    11 |    12 ||    33
       Potion            |       |       |       |     6 |     5 ||    11
 Stab: Sleeping          |       |     5 |     2 |     2 |       ||     9
  Eat: Chunk             |     3 |     8 |    17 |    22 |    35 ||    85
       Fruit             |       |       |     6 |       |     4 ||    10
       Bread ration      |       |       |     1 |     4 |     3 ||     8
Armor: Robe              |    17 |    45 |   120 |   111 |       ||   293
       Fire dragon scale |       |       |       |    32 |    36 ||    68
       Ring mail         |       |       |       |     4 |   377 ||   381
Dodge: Dodged            |    42 |    81 |   272 |   178 |   541 ||  1114
Block: Buckler           |       |       |       |    13 |   196 ||   209
       Rpst.: Demon blade |       |       |       |       |   140 ||   140
